 Dungeon Crawl Stone Soup version 0.19.5 (webtiles) character file.

4218 snowfan the Destroyer (level 10, -3/45 HPs)
             Began as a Deep Elf Conjurer on Apr 11, 2017.
             Was a Believer of Vehumet.
             Slain by a bullfrog (5 damage)
             ... on level 8 of the Dungeon.
             The game lasted 00:37:56 (8557 turns).

snowfan the Destroyer (Deep Elf Conjurer)           Turns: 8557, Time: 00:37:56

Health: -3/45      AC:  5    Str:  0 (3)  XL:     10   Next: 9%
Magic:  2/41       EV: 13    Int: 23 (24) God:    Vehumet [**....]
Gold:   422        SH:  0    Dex: 14 (15) Spells: 6 memorised, 10 levels left

rFire  . . .     SeeInvis .     B - staff of power
rCold  . . .     Gourm    .     a - +0 robe
rNeg   . . .     Faith    +     (no shield)
rPois  .         Spirit   .     y - +1 helmet
rElec  .         Reflect  .     (no cloak)
rCorr  .         Harm     .     (no gloves)
MR     ++...                    (no boots)
Stlth  ++........               i - amulet of faith
                                D - ring of flight
                                g - +1 ring of protection

@: slowed, lost strength, very slow
A: frail 1, magic resistance 1, weak 1
a: Renounce Religion, Evoke Flight


You were on level 8 of the Dungeon.
You worshipped Vehumet.
Vehumet was pleased with you.
You were not hungry.

You visited 2 branches of the dungeon, and saw 9 of its levels.

You collected 422 gold pieces.

Inventory:

Hand Weapons
 k - a +0 dagger
Armour
 a - a +0 robe (worn)
 x - a +0 ring mail of poison resistance
 y - a +1 helmet (worn)
 F - a +0 cloak
Magical Staves
 d - an uncursed staff of earth
 B - an uncursed staff of power (weapon)
Jewellery
 g - a +1 ring of protection (left hand)
 i - an amulet of faith (around neck)
 D - a ring of flight (right hand)
 E - an uncursed amulet of rage {unknown}
Wands
 H - a wand of iceblast (3/15)
 L - a wand of lightning (9/15)
Scrolls
 e - 2 scrolls of teleportation {unknown}
 f - 6 scrolls of remove curse {unknown}
 h - 2 scrolls of magic mapping {unknown}
 m - a scroll of enchant armour {unknown}
 n - 2 scrolls of recharging {unknown}
 o - 3 scrolls of amnesia {unknown}
 q - 8 scrolls of identify {unknown}
 r - a scroll of enchant weapon {unknown}
 s - 2 scrolls of immolation {unknown}
 z - a scroll of random uselessness {unknown}
 A - 2 scrolls of fear {unknown}
 J - a scroll of fog {unknown}
Potions
 w - a potion of lignification
 I - a potion of berserk rage {unknown}
Books
 b - a book of Conjurations

   Spells                             Type                      Level
   a - Magic Dart                     Conjuration                  1
   b - Searing Ray                    Conjuration                  2
   c - Dazzling Spray                 Conjuration/Hexes            3
   d - Fulminant Prism                Conjuration/Hexes            4
   e - Iskenderun's Mystic Blast      Conjuration                  4
   f - Iskenderun's Battlesphere      Conjuration/Charms           5
Comestibles
 c - 6 bread rations
 l - 4 meat rations
 K - 4 chunks of flesh
 M - 8 slices of pizza


   Skills:
 - Level 2.4 Dodging
 - Level 2.4 Stealth
 + Level 10.0 Spellcasting
 * Level 11.8 Conjurations
 + Level 8.1 Hexes
 + Level 5.5 Charms


You had 10 spell levels left.
You knew the following spells:

 Your Spells              Type           Power        Failure   Level  Hunger
a - Magic Dart            Conj           ####         1%          1    None
c - Iskenderun's Mystic   Conj           ######..     1%          4    #......
d - Dazzling Spray        Conj/Hex       ######       1%          3    None
q - Iskenderun's Battles  Conj/Chrm      ######..     6%          5    ####...
s - Throw Flame           Conj/Fire      #####.       1%          2    None
x - Fulminant Prism       Conj/Hex       ######....   1%          4    #......


Dungeon Overview and Level Annotations

Branches:
Dungeon (8/15)             Temple (1/1) D:6
   Lair: D:8-11

Altars:
Ashenzari
Cheibriados
Dithmenos
Elyvilon
Fedhas
Gozag
Hepliaklqana
Kikubaaqudgha
Makhleb
Ru
Uskayaw
Vehumet
Yredelemnul
Zin

Shops:
D:7 :


Innate Abilities, Weirdness & Mutations

You are frail. (-10% HP)
You are resistant to hostile enchantments. (MR+)
You are weak. (Str -2)


Message History

You feel yourself slow down.
You flicker back into view.
You feel a little less mighty now.
You feel a little less clever now. The bullfrog barely misses you.
Joseph barely misses you. The bullfrog misses you.
Okay, then.
Casting: Throw Flame
Confirm with . or Enter, or press ? or * to list all spells.
Aiming: Iskenderun's Mystic Blast
Press: ? - help, Shift-Dir - straight line, f/p - Joseph
Aim: Joseph, wielding a quarterstaff and wearing a glowing leather armour (almost dead)
The orb of energy hits Joseph.
You kill Joseph!
Vehumet accepts your kill.
You feel your power returning.
You feel your dexterity returning.
Your Spellcasting skill increases to level 10!
The orb of energy explodes!
The mystic blast hits the bullfrog.
The bullfrog is heavily wounded.
The bullfrog hits you.
You die...

########..##.........
........##..#.#..#
##..........#....# #
#...###.##..#.#..#.###
#... #.......#.......
#.. ####.........# #.
####.######
####.#...##
#@F.......#
#)((.........
.%................
.@................
..................
#.####.##.#...#... #
#.##.......##
#......##### ## .###


You could see a bullfrog.

Vanquished Creatures
  Joseph (D:8)
  The ghost of snowfan the Destroyer, a novice DECj of Vehumet (D:5)
  A hippogriff (D:7)
  Grum (D:8)
  Menkaure (D:6)
  Edmund (D:4)
  An ice beast (D:8)
  2 sky beasts (D:6)
  2 orc warriors
  A phantom (D:4)
  A centaur (D:6)
  2 necrophages (D:7)
  5 ogres
  2 wolves (D:8)
  A big kobold (D:7)
  5 bullfrogs
  A gnoll sergeant (D:7)
  2 wights (D:7)
  A crimson imp (D:8)
  2 bullfrog zombies
  A centaur zombie (D:7)
  2 jellies
  4 hounds
  2 orc priests (D:7)
  A centaur skeleton (D:8)
  6 orc wizards
  A bullfrog skeleton (D:4)
  2 iguanas (D:5)
  Ijyb (D:2)
  8 worker ants
  Natasha (thrice) (D:3)
  A mummy (D:7)
  A howler monkey skeleton (D:5)
  7 adders
  7 gnolls
  3 oozes
  An adder skeleton (D:7)
  6 worms
  5 dart slugs
  9 leopard geckos
  13 orcs
  9 bats
  4 giant cockroaches
  7 hobgoblins
  7 jackals
  2 quokkas
  A ball python (D:3)
  4 frilled lizards
  9 goblins
  12 kobolds
  A quokka skeleton (D:4)
  7 rats
181 creatures vanquished.

Vanquished Creatures (others)
  22 fulminant prisms
22 creatures vanquished.

Grand Total: 203 creatures vanquished

Notes
Turn   | Place    | Note
-------+----------+-------------------------------------------
     0 | D:1      | snowfan the Deep Elf Conjurer began the quest for the Orb.
     0 | D:1      | Reached XP level 1. HP: 10/10 MP: 6/6
   188 | D:1      | Reached XP level 2. HP: 15/15 MP: 4/8
   289 | D:1      | Reached skill level 5 in Conjurations
   483 | D:1      | Reached XP level 3. HP: 19/19 MP: 7/10
  1253 | D:2      | Learned a level 3 spell: Dazzling Spray
  1478 | D:2      | Reached XP level 4. HP: 24/24 MP: 3/12
  1648 | D:2      | Noticed Ijyb
  1654 | D:2      | Killed Ijyb
  1877 | D:2      | Reached skill level 6 in Conjurations
  2166 | D:3      | Noticed Natasha
  2186 | D:3      | Killed Natasha
  2186 | D:3      | Reached XP level 5. HP: 9/28 MP: 0/14
  2473 | D:3      | Learned a level 4 spell: Iskenderun's Mystic Blast
  2478 | D:3      | Learned a level 4 spell: Fulminant Prism
  2530 | D:3      | Reached skill level 5 in Spellcasting
  2701 | D:3      | Noticed Natasha
  2708 | D:3      | Killed Natasha
  2718 | D:3      | Noticed Natasha
  2720 | D:3      | Killed Natasha
  3292 | D:3      | Reached XP level 6. HP: 23/32 MP: 8/16
  3477 | D:4      | Reached skill level 7 in Conjurations
  3477 | D:4      | Reached skill level 1 in Hexes
  3901 | D:4      | Reached XP level 7. HP: 34/36 MP: 4/18
  4541 | D:4      | Reached skill level 8 in Conjurations
  4669 | D:5      | Entered Level 5 of the Dungeon
  4669 | D:5      | Noticed Edmund
  4739 | D:4      | Killed Edmund
  4843 | D:5      | Noticed snowfan's ghost (novice DECj)
  4846 | D:5      | Killed snowfan's ghost
  4846 | D:5      | Reached XP level 8. HP: 36/41 MP: 9/20
  5281 | D:5      | Reached skill level 9 in Conjurations
  5413 | D:5      | Reached skill level 5 in Hexes
  5761 | D:5      | Found a sacrificial altar of Ru.
  6010 | D:6      | Noticed Menkaure
  6014 | D:6      | Killed Menkaure
  6197 | D:6      | Reached skill level 10 in Conjurations
  6248 | D:6      | Found a staircase to the Ecumenical Temple.
  6254 | Temple   | Entered the Ecumenical Temple
  6361 | Temple   | Became a worshipper of Vehumet
  6671 | D:6      | Reached XP level 9. HP: 45/45 MP: 14/23
  6985 | D:6      | Learned a level 5 spell: Iskenderun's Battlesphere
  7005 | D:7      | Reached skill level 1 in Charms
  7248 | D:7      | Reached * piety under Vehumet
  7248 | D:7      | Offered knowledge of Sandblast by Vehumet.
  7287 | D:7      | HP: 2/45 [poisoned by a worker ant]
  7602 | D:7      | Reached skill level 11 in Conjurations
  7932 | D:7      | Found Pow Jomo's Book Shop.
  8260 | D:8      | Noticed Grum
  8264 | D:8      | Killed Grum
  8265 | D:8      | Reached ** piety under Vehumet
  8299 | D:8      | Offered knowledge of Throw Flame by Vehumet.
  8299 | D:8      | Reached skill level 5 in Charms
  8303 | D:8      | Learned a level 2 spell: Throw Flame
  8531 | D:8      | Reached XP level 10. HP: 50/50 MP: 25/25
  8534 | D:8      | Noticed Joseph
  8546 | D:8      | Gained mutation: You are frail. (-10% HP) [potion of mutation]
  8546 | D:8      | Gained mutation: You are weak. (Str -2) [potion of mutation]
  8546 | D:8      | Gained mutation: You are resistant to hostile enchantments. (MR+) [potion of mutation]
  8546 | D:8      | HP: 3/67 [Joseph/uncursed quarterstaff (2)]
  8549 | D:8      | Lost strength.
  8557 | D:8      | Killed Joseph
  8557 | D:8      | Reached skill level 10 in Spellcasting
  8557 | D:8      | Slain by a bullfrog

Skill      XL: |  1  2  3  4  5  6  7  8  9 10 |
---------------+-------------------------------+-----
Conjurations   | 5 6 7 8 10 11 | 11.8
Spellcasting   | 4 5 6 7 8 9 10 | 10.0
Hexes          | 2 4 6 8 |  8.1
Charms         | 5 |  5.5
Dodging        | |  2.4
Stealth        | |  2.4

Action                   |  1- 3 |  4- 6 |  7- 9 | 10-12 || total
-------------------------+-------+-------+-------+-------++-------
Melee: Dagger            |       |     7 |     4 |       ||    11
       Staff             |       |       |     1 |       ||     1
 Cast: Magic Dart        |    82 |   150 |   197 |     1 ||   430
       Dazzling Spray    |       |     5 |    13 |       ||    18
       Iskenderun's Myst |       |     2 |    34 |     5 ||    41
       Fulminant Prism   |       |       |    20 |     2 ||    22
       Throw Flame       |       |       |    11 |     2 ||    13
       Iskenderun's Batt |       |       |     5 |       ||     5
  Use: Potion            |       |       |     2 |     8 ||    10
 Stab: Sleeping          |       |     1 |       |       ||     1
  Eat: Chunk             |     2 |     7 |     9 |       ||    18
       Meat ration       |       |       |     1 |       ||     1
       Bread ration      |       |       |     1 |       ||     1
Armor: Robe              |       |     5 |     7 |       ||    12
       Skin              |       |       |       |    15 ||    15
Dodge: Dodged            |     6 |    18 |    38 |    10 ||    72
